 Dungeon Crawl Stone Soup version 0.28.0-45-g0d030f2227 (webtiles) character file.

Game seed: 13072275602856807221

152 seaoflcl the Skirmisher (level 5, -6/42 HPs)
             Began as a Human Fighter on Apr 23, 2022.
             Killed by divine providence
             ... invoked by an orc priest
              (13 damage)
             ... on level 3 of the Dungeon.
             The game lasted 00:04:15 (2726 turns).

seaoflcl the Skirmisher (Human Fighter)             Turns: 2726, Time: 00:04:16

Health: -6/42      AC: 11    Str: 19    XL:     5   Next: 60%
Magic:  5/5        EV:  7    Int:  8    God:
Gold:   80         SH:  4    Dex: 12    Spells: 4/4 levels left

rFire   . . .      SeeInvis .   n - +1 trident (vamp)
rCold   . . .      Faith    .   c - +0 buckler
rNeg    . . .      Spirit   .   m - +0 chain mail
rPois   .          Reflect  .   q - +1 helmet
rElec   .          Harm     .   (no cloak)
rCorr   .          Rampage  .   (no gloves)
Will    .....                   (no boots)
Stlth   ..........              (no amulet)
HPRegen 0.14/turn               (no ring)
MPRegen 0.09/turn               (no ring)

@: brilliant
A: no striking features
a: no special abilities


You were on level 3 of the Dungeon.
You visited 1 branch of the dungeon, and saw 3 of its levels.

You collected 80 gold pieces.

Inventory:

Hand Weapons
 a - a +0 long sword
 i - a +1 short sword of holy wrath
 n - a +1 vampiric trident (weapon)
Missiles
 f - 31 sling bullets
Armour
 c - a +0 buckler (worn)
 m - a +0 chain mail (worn)
 q - a +1 helmet (worn)
Scrolls
 e - a scroll of torment {unknown}
 h - a scroll of identify {unknown}
 k - a scroll of amnesia {unknown}
 p - a scroll of enchant armour {unknown}
Potions
 b - a potion of flight {unknown}
 o - a potion of attraction


   Skills:
 + Level 4.0 Fighting
 + Level 1.6(2.3) Short Blades
 + Level 2.4(2.7) Long Blades
 + Level 1.5 Polearms
 + Level 3.6 Armour
 + Level 0.6 Dodging
 + Level 3.2 Shields


You had 4 spell levels left.
You didn't know any spells.
Your spell library contained the following spells:

 Spells                   Type           Power      Damage    Failure   Level
 Animate Skeleton         Necr           0%         N/A       100%        1
 Pain                     Necr           0%         1d4       100%        1
 Vampiric Draining        Necr           0%         2d6       100%        3


Dungeon Overview and Level Annotations

Branches:
Dungeon (3/15)

Altars:

Shops:
D:1 =

Annotations:
D:3 2 transporters


Message History

You puncture the orc!
You kill the orc!
An orc priest comes into view. It is wielding a +0 short sword.
Things that are here:
a +0 hand axe; a +0 dagger; an orc corpse You reach to attack!
You hit the orc priest.
The orc priest is lightly wounded.
You hit the orc priest but do no damage.
The orc priest is lightly wounded.
The orc priest miscasts a cantrip.
You hit the orc priest.
The orc priest is moderately wounded.
The orc priest miscasts a cantrip.
The orc priest invokes the aid of Beogh against you.
Beogh smites you!
You closely miss the orc priest.
The orc priest is moderately wounded.
The orc priest hits you but does no damage.
You barely miss the orc priest.
The orc priest is moderately wounded.
The orc priest hits you with a +0 short sword.
You hit the orc priest.
The orc priest is heavily wounded.
The orc priest hits you with a +0 short sword.
You hit the orc priest but do no damage.
The orc priest is heavily wounded.
You block the orc priest's attack.
The orc priest invokes the aid of Beogh against you.
Beogh smites you!
* * * LOW HITPOINT WARNING * * *
You closely miss the orc priest.
The orc priest is heavily wounded.
The orc priest hits you but does no damage.
It was a potion of magic.
Magic courses through your body.
The orc priest hits you but does no damage.
It was a potion of brilliance.
You feel clever all of a sudden.
The orc priest mumbles some strange prayers to Beogh against you.
Beogh smites you!
You die...

..##.## ........ ..# .##.##..
#.# .....# #.# ###..# #.# ###
.# ... ..# .. #.# #.# . ...
#o# ###.### #.# #@# #.....##
#.# #.###.≈≈≈..# #.#
#.##..≈_≈..# #.#
#.....≈≈≈..####.. #.# #.#
###.#............
#.#####.#######.###.#####....
#.##...)..<.....###.# ...
#.##.##...........÷.# .
#.##.##########.#####


You could see an orc priest.

Vanquished Creatures
  Natasha (D:3)
  Robin (D:3)
  An adder (D:3)
  4 worms
  5 dart slugs
  6 orcs (D:3)
  6 ball pythons
  2 endoplasms (D:1)
  A giant cockroach (D:1)
  11 goblins
  14 hobgoblins
  3 jackals (D:2)
  3 kobolds (D:1)
  4 quokkas
  4 bats
  3 frilled lizards
  7 rats
76 creatures vanquished.

Vanquished Creatures (others)
  6 plants (D:3)
6 creatures vanquished.

Grand Total: 82 creatures vanquished

Notes
Turn   | Place    | Note
-------+----------+-------------------------------------------
     0 | D:1      | seaoflcl the Human Fighter began the quest for the Orb.
     0 | D:1      | Reached XP level 1. HP: 18/18 MP: 1/1
   124 | D:1      | Reached XP level 2. HP: 11/24 MP: 2/2
   555 | D:1      | Reached XP level 3. HP: 27/29 MP: 3/3
  1072 | D:1      | Found Zaopt's Jewellery Shoppe.
  1662 | D:2      | Reached XP level 4. HP: 37/37 MP: 4/4
  1703 | D:2      | Reached skill level 1 in Short Blades
  2088 | D:3      | Noticed Robin
  2103 | D:3      | Reached XP level 5. HP: 42/42 MP: 5/5
  2117 | D:3      | Killed Robin
  2162 | D:3      | Found a transporter.
  2165 | D:3      | Found a transporter.
  2214 | D:3      | Reached skill level 1 in Polearms
  2296 | D:3      | Found a faded altar of an unknown god.
  2296 | D:3      | Noticed Natasha
  2316 | D:3      | Killed Natasha
  2317 | D:3      | Reached skill level 4 in Fighting
  2726 | D:3      | Killed from afar by an orc priest

Illustrated notes

Levels and vault maps discovered:
D:1:      dpeg_arrival_oval, layout_loops_corners, serial_shops,
          nicolae_shop_crystal
D:2:      minmay_evil_eye, layout_rooms
D:3:      layout_loops_ring, hellmonk_ecumenical_altar_pennies_from_heaven,
          gammafunk_ghost_gnarly_gnolls, uniq_jessica, uniq_natasha, uniq_robin

Skill      XL: |  1  2  3  4  5 |
---------------+----------------+-----
Short Blades   | 1 |  1.6
Polearms       | 1 |  1.5
Fighting       | 4 |  4.0
Long Blades    | |  2.4
Armour         | |  3.6
Dodging        | |  0.6
Shields        | |  3.2

Action                   |  1- 3 |  4- 6 || total
-------------------------+-------+-------++-------
Melee: Long sword        |    33 |       ||    33
       Short sword       |    78 |    49 ||   127
       Trident           |       |    86 ||    86
  Use: Potion            |       |     5 ||     5
Armor: Scale mail        |    45 |       ||    45
       Chain mail        |     1 |    52 ||    53
Dodge: Dodged            |    42 |    45 ||    87
Block: Buckler           |    17 |    18 ||    35
